Map: Hardwire LE

Players

FishSangwich - Winner!

  • Race: Protoss Protoss

GarbageRat

  • Race: Zerg Zerg
  • League: Diamond

VOD

Have the link to the VOD?

Description

Time

  • Played on: Jan. 12, 2022, 4:37 p.m.
  • Length: 13:20
Show
View Real Time Build Order
Export as new Build Order

FishSangwich Protoss - Winner!

Build Orders:  

Get SALT Encoding   

  12  0:00  Probe  
  13  0:13  Probe  
  14  0:25  Probe  
  14  0:27  Pylon  
  15  0:45  Probe  
  15  0:47  Gateway  
  16  0:54  Forge  
  16  0:57  Probe  
  17  1:08  Gateway  
  17  1:14  Probe (Chrono Boost)  
  17  1:17  Assimilator  
  18  1:21  Assimilator  
  18  1:26  Probe (Chrono Boost)  
  19  1:34  Probe (Chrono Boost)  
  19  1:35  Zealot  
  22  1:44  Photon Cannon  
  22  1:49  Probe  
  23  2:03  Pylon  
  23  2:23  Nexus  
  23  2:31  Cybernetics Core  
  23  2:36  Zealot  
  25  2:39  Probe  
  26  2:48  Pylon  
  27  2:58  Probe  
  27  3:12  Stargate  
  27  3:13  Probe  
  27  3:15  Stalker (Chrono Boost)  
  30  3:25  Protoss Ground Weapons Level 1, Probe  
  31  3:42  Probe x2  
  33  3:55  Void Ray (Chrono Boost), Probe  
  34  4:02  Probe (Chrono Boost)  
  35  4:07  Probe (Chrono Boost)  
  40  4:10  Assimilator  
  40  4:14  Probe (Chrono Boost)  
  41  4:19  Probe (Chrono Boost)  
  41  4:21  Twilight Council  
  41  4:22  Probe (Chrono Boost)  
  43  4:29  Void Ray (Chrono Boost), Photon Cannon  
  43  4:37  Shield Battery, Probe  
  48  4:47  Probe  
  48  4:49  Warp Gate  
  48  4:50  Zealot  
  48  4:52  Zealot  
  53  5:00  Probe  
  53  5:06  Pylon  
  54  5:08  Pylon  
  54  5:15  Void Ray (Chrono Boost)  
  54  5:21  Gateway  
  54  5:22  Gateway  
  54  5:23  Charge (Chrono Boost)  
  54  5:24  Gateway, Probe  
  59  5:41  Probe x2  
  61  5:49  Zealot  
  63  5:50  Zealot  
  63  5:53  Probe x2  
  67  6:05  Probe x2  
  69  6:21  Pylon  
  69  6:23  Pylon  
  69  6:25  Pylon  
  69  6:27  Pylon  
  73  6:58  Phoenix (Chrono Boost)  
  67  7:02  Stalker x5  
  67  7:18  Phoenix (Chrono Boost)  
  69  7:30  Blink (Chrono Boost), Stalker x4  
  69  7:31  Stalker  
  79  7:37  Templar Archives  
  79  7:40  Assimilator  
  79  7:41  Phoenix (Chrono Boost)  
  81  8:03  Phoenix (Chrono Boost)  
  81  8:05  Zealot x5  
  93  8:24  Phoenix  
  93  8:26  Zealot x3  
  101  8:35  Psionic Storm  
  101  8:40  Shield Battery  
  101  8:43  Shield Battery  
  101  8:45  Photon Cannon  
  101  9:08  Pylon x2  
  101  9:09  Pylon x2  
  101  9:10  Pylon  
  101  9:21  Nexus  
  71  9:46  Stalker x5  
  53  10:14  Gateway  
  53  10:15  Gateway  
  53  10:16  Gateway  
  53  10:17  Gateway  
  53  10:18  High Templar x5, Gateway  
  63  10:21  Gateway  
  63  10:27  Archon  
  63  10:33  Phoenix  
  65  10:38  Protoss Ground Weapons Level 2 (Chrono Boost)  
  65  10:50  Zealot x5  
  75  10:58  Phoenix  
  77  11:08  Probe x2  
  77  11:09  Pylon  
  80  11:13  Pylon  
  79  11:18  Zealot  
  79  11:19  Zealot x8  
  79  11:20  Zealot x2  
  98  11:39  Probe x2  
  100  11:42  Pylon  
  100  11:43  Zealot x5  
  100  11:44  Zealot  
  100  11:45  Pylon  
  112  11:56  Photon Cannon  
  112  12:07  Stalker x3  
  118  12:30  Stalker x5  
Show
View Real Time Build Order
Export as new Build Order

GarbageRat Zerg 

Build Orders: Hatch First, Brood Lord Corruptor 

Get SALT Encoding   

  12  0:00  Drone  
  13  0:13  Overlord  
  13  0:17  Drone  
  14  0:31  Drone x2  
  16  0:51  Hatchery  
  15  1:00  Drone  
  16  1:07  Spawning Pool  
  16  1:10  Extractor  
  14  1:12  Drone  
  15  1:21  Drone  
  15  1:23  Drone  
  17  1:26  Drone  
  18  1:36  Drone  
  19  1:45  Overlord  
  19  1:54  Baneling Nest  
  19  1:58  Zergling x2  
  19  1:59  Queen  
  21  2:44  Zergling x10  
  21  2:45  Zergling x2  
  21  2:46  Metabolic Boost  
  27  2:55  Queen  
  27  2:57  Zergling x4  
  31  3:10  Drone x2  
  32  3:18  Lair  
  32  3:19  Extractor  
  31  3:20  Drone x4  
  35  3:32  Overlord  
  35  3:37  Overlord x2  
  33  3:50  Drone x5  
  34  3:58  Drone  
  35  4:07  Drone x2  
  37  4:10  Extractor  
  37  4:12  Extractor  
  37  4:13  Drone x2  
  37  4:35  Drone x5, Spire  
  37  4:36  Drone x2  
  43  4:41  Drone, Overlord  
  43  4:42  Drone  
  45  4:48  Overlord  
  45  5:03  Drone  
  45  5:04  Drone x6  
  52  5:09  Overlord  
  52  5:13  Spore Crawler  
  51  5:16  Spore Crawler  
  50  5:23  Overlord  
  50  5:26  Drone  
  50  5:55  Mutalisk x9  
  68  6:13  Overlord  
  68  6:21  Overlord  
  68  6:25  Hatchery  
  67  6:32  Mutalisk x3  
  67  6:33  Mutalisk  
  67  6:39  Overlord x2  
  75  6:43  Mutalisk  
  76  6:59  Mutalisk x2  
  80  7:03  Mutalisk  
  78  7:16  Zergling x16  
  78  7:17  Zergling x2  
  87  7:31  Mutalisk x3  
  93  7:40  Drone x2, Hatchery  
  93  7:42  Drone  
  95  7:46  Mutalisk  
  95  7:49  Extractor  
  94  7:53  Extractor  
  93  8:08  Infestation Pit, Drone x6  
  93  8:09  Drone x3  
  93  8:11  Drone  
  102  8:14  Zergling x2  
  102  8:16  Zergling x4  
  102  8:18  Drone  
  106  8:28  Overlord x3  
  106  8:49  Hatchery  
  106  8:51  Hive  
  106  8:53  Zergling x4  
  106  8:54  Zergling x14  
  110  9:02  Zergling x2  
  111  9:07  Overseer  
  111  9:13  Drone x2  
  111  9:14  Drone x2  
  113  9:18  Zergling x4  
  113  9:19  Zergling x2  
  103  9:29  Zergling x2  
  103  9:30  Zergling x6  
  92  9:33  Zergling x2  
  92  9:37  Swarm Host, Zergling x10  
  80  9:38  Zergling x2  
  80  9:43  Zergling x2  
  80  9:45  Zergling x4  
  70  9:47  Zergling x2  
  70  9:49  Zergling x2  
  72  9:53  Drone  
  68  10:00  Drone x2  
  68  10:01  Drone  
  67  10:07  Drone  
  67  10:08  Drone x3  
  71  10:22  Greater Spire  
  71  10:32  Drone x5  
  71  10:33  Drone x3  
  79  10:43  Drone  
  80  10:56  Drone x5  
  85  11:06  Queen, Extractor  
  85  11:08  Queen  
  88  11:18  Extractor  
  69  11:40  Corruptor  
  69  11:41  Corruptor x4  
  69  11:42  Corruptor x4  
  87  11:50  Queen  
  89  11:58  Corruptor x3  
  95  12:15  Infestor x4  
  97  12:16  Corruptor  
  97  12:21  Zergling x2  
  106  12:25  Corruptor x2  
  112  12:30  Brood Lord x6  
  112  12:34  Brood Lord  
  124  12:37  Zergling x8  
  116  12:44  Zergling x4  
  116  12:45  Zergling x2  
  116  12:46  Zergling x2  
  108  12:51  Zergling x2  
  108  12:57  Zergling x2  
Tags
 
Add a new tag
Caveats
  • Supply blocks, unpowered buildings, or Contaminate may cause inaccurate times.
  • Supply counts are checked every 10 seconds.